Map: Moonlight Madness LE (Void)

Players

SolaCe (Nina)

  • Race: Protoss Protoss
  • League: Master

Plurmorant - Winner!

  • Race: Zerg Zerg
  • League: Master

Event: ASL Season 5 Prime League LOTV Beta

VOD

Have the link to the VOD?

Description

Time

  • Played on: Sept. 10, 2015, 8:31 p.m.
  • Length: 4:50

All games in this series

Show
View Real Time Build Order
Export as new Build Order

SolaCe Protoss 

Build Orders: Nexus First 

Get SALT Encoding   

  12  0:00  Probe (Chrono Boost)  
  13  0:11  Probe (Chrono Boost)  
  14  0:18  Pylon  
  14  0:21  Probe (Chrono Boost)  
  15  0:36  Probe (Chrono Boost)  
  16  0:46  Probe (Chrono Boost)  
  17  0:56  Probe (Chrono Boost)  
  18  1:02  Nexus  
  18  1:06  Probe (Chrono Boost)  
  19  1:16  Gateway  
  19  1:17  Probe (Chrono Boost)  
  20  1:24  Pylon  
  20  1:27  Probe (Chrono Boost)  
  21  1:35  Assimilator  
  21  1:37  Probe (Chrono Boost)  
  21  1:39  Assimilator  
  22  1:48  Probe (Chrono Boost)  
  22  1:54  Gateway  
  23  1:58  Probe (Chrono Boost)  
  24  2:07  Cybernetics Core  
  24  2:08  Probe (Chrono Boost)  
  25  2:14  Probe (Chrono Boost)  
  26  2:18  Probe (Chrono Boost)  
  27  2:24  Probe (Chrono Boost)  
  27  2:28  Probe (Chrono Boost)  
  28  2:34  Probe (Chrono Boost)  
  29  2:38  Probe (Chrono Boost)  
  29  2:43  Warp Gate  
  30  2:44  Stalker, Probe (Chrono Boost)  
  30  2:48  Mothership Core (Chrono Boost)  
  35  2:54  Probe (Chrono Boost)  
  36  2:58  Pylon  
  36  3:03  Sentry  
  36  3:04  Probe (Chrono Boost)  
  39  3:06  Probe (Chrono Boost)  
  39  3:07  Assimilator  
  39  3:12  Pylon, Assimilator  
  40  3:14  Probe (Chrono Boost)  
  40  3:16  Probe (Chrono Boost)  
  42  3:24  Probe (Chrono Boost)  
  42  3:26  Probe (Chrono Boost)  
  44  3:31  Stargate  
  44  3:34  Probe (Chrono Boost)  
  44  3:36  Probe (Chrono Boost)  
  46  3:41  Pylon  
  46  3:45  Probe (Chrono Boost)  
  46  3:46  Probe (Chrono Boost)  
  46  3:51  Pylon  
  46  3:55  Probe (Chrono Boost)  
  47  3:59  Probe (Chrono Boost), Pylon  
  46  4:03  Pylon  
  46  4:05  Probe (Chrono Boost)  
  47  4:14  Probe (Chrono Boost)  
  37  4:27  Pylon  
  37  4:30  Probe (Chrono Boost)  
  39  4:35  Pylon  
Show
View Real Time Build Order
Export as new Build Order

Plurmorant Zerg - Winner!

Build Orders: Hatch First 

Get SALT Encoding   

  12  0:00  Drone  
  13  0:12  Overlord  
  13  0:18  Drone  
  14  0:23  Drone, Extractor  
  15  0:30  Drone  
  16  0:35  Drone  
  17  0:52  Hatchery  
  16  1:05  Spawning Pool  
  16  1:08  Extractor  
  16  1:10  Drone  
  15  1:14  Drone  
  15  1:18  Drone  
  17  1:21  Drone  
  18  1:33  Overlord  
  18  1:52  Queen  
  18  1:53  Zergling x2  
  21  1:54  Zergling x2  
  22  2:04  Zergling x2  
  22  2:05  Queen  
  22  2:06  Zergling x2  
  26  2:09  Metabolic Boost  
  26  2:18  Zergling x4  
  28  2:26  Zergling x2  
  28  2:27  Zergling x2  
  30  2:36  Overlord  
  30  2:37  Zergling x2  
  31  2:47  Overlord  
  31  2:48  Zergling x2  
  32  2:57  Zergling x2  
  33  2:58  Zergling x2  
  33  2:59  Zergling x2  
  33  3:00  Zergling x4  
  37  3:09  Zergling x2  
  37  3:11  Zergling x4  
  37  3:12  Zergling x4  
  42  3:20  Zergling x2  
  42  3:23  Zergling x2  
  44  3:32  Zergling x4  
  44  3:33  Zergling x2  
  47  3:36  Zergling x4  
  48  3:42  Zergling x2  
  48  3:51  Zergling x8  
  50  3:59  Zergling x2  
  50  4:01  Zergling x2  
  50  4:02  Zergling x2  
  51  4:03  Zergling x2  
  51  4:07  Zergling x2  
  51  4:09  Zergling x2  
  52  4:12  Zergling x2  
  50  4:20  Drone x2  
  50  4:22  Drone  
  51  4:25  Drone  
  51  4:29  Drone  
  51  4:31  Drone  
Tags
 
Add a new tag
Caveats
  • Supply blocks, unpowered buildings, or Contaminate may cause inaccurate times.
  • Supply counts are checked every 10 seconds.